 Dungeon Crawl Stone Soup version 0.31-a0-835-g2a3a5bc3be (webtiles) character file.

Game seed: 2137436185866566607

590 leobarbo the Firebug (level 7, -2/57 HPs)
             Began as a Red Draconian Fire Elementalist on Sept 26, 2023.
             Slain by a gnoll
             ... wielding a +0 halberd
             ... led by a gnoll bouda
              (13 damage)
             ... on level 4 of the Dungeon.
             The game lasted 00:36:21 (4357 turns).

leobarbo the Firebug (DrFE)                         Turns: 4357, Time: 00:36:22

Health: -2/57      AC:  9    Str: 10    XL:     7   Next: 16%
Magic:  2/11       EV: 13    Int: 21    God:
Gold:   167        SH:  0    Dex: 17    Spells: 0/11 levels left

rFire   + . .        i - +1 flail
rCold   . . .        (no shield)
rNeg    . . .        (body armour unavailable)
rPois   .            (helmet restricted)
rElec   .            (no cloak)
rCorr   .            l - +1 pair of gloves
SInv    .            c - +0 pair of boots
Will    .....        (no amulet)
Stlth   ++           r - +6 ring of dexterity
HPRegen 0.29/turn    v - ring of the Painted Guava {Wiz Int+3}
MPRegen 0.12/turn

%: wizardry (x1)
@: no status effects
A: breathe fire, AC +6, unfitting armour, fire resistance 1, cold-blooded
a: Breathe Fire


You were on level 4 of the Dungeon.
You visited 1 branch of the dungeon, and saw 4 of its levels.

You collected 167 gold pieces.

Inventory:

Hand Weapons
 i - a +1 flail (weapon)
Armour
 c - a +0 pair of boots (worn)
 l - a +1 pair of gloves (worn)
Magical Staves
 p - a staff of earth
Jewellery
 r - a +6 ring of dexterity (left hand)
 u - a ring of protection from cold
 v - the ring of the Painted Guava (right hand) {Wiz Int+3}
   (You found it on level 3 of the Dungeon)

   [ring of wizardry]

   Wiz:       It improves your spell success rate.
   Int+3:     It affects your intelligence (+3).
Talismans
 j - a flux talisman
 n - a maw talisman
Wands
 t - a wand of paralysis (7)
Scrolls
 o - a scroll of teleportation
Potions
 d - 2 potions of invisibility
 e - 2 potions of heal wounds {unknown}
 f - a potion of brilliance {unknown}
 g - 4 potions of mutation
 z - a potion of ambrosia {unknown}


   Skills:
 + Level 3.1 Fighting
 + Level 2.4 Maces & Flails
 + Level 3.2 Dodging
 - Level 1.7 Stealth
 + Level 2.7 Spellcasting
 + Level 2.9 Conjurations
 + Level 1.7 Translocations
 * Level 5.8 Fire Magic


You couldn't memorise any spells.
You knew the following spells:

 Your Spells              Type           Power      Damage    Failure   Level
a - Foxfire               Conj/Fire      84%        2x1d8     1%          1
b - Scorch                Fire           54%        2d7       1%          2
c - Volatile Blastmotes   Fire/Tloc      36%        2d13      3%          3
d - Gell's Gravitas       Tloc           10%        N/A       9%          3
e - Blink                 Tloc           20%        N/A       4%          2

Your spell library contained the following spells:

 Spells                   Type           Power      Damage    Failure   Level
 Momentum Strike          Conj/Tloc      24%        3d8       3%          2
 Lesser Beckoning         Tloc           20%        N/A       4%          2
 Inner Flame              Hex/Fire       15%        N/A       4%          3
 Summon Small Mammal      Summ           8%         N/A       6%          1
 Teleport Other           Tloc           10%        N/A       9%          3
 Flame Wave               Conj/Fire      21%        2d8       9%          4
 Call Canine Familiar     Summ           2%         N/A       16%         3
 Ozocubu's Armour         Ice            2%         N/A       16%         3
 Summon Guardian Golem    Hex/Summ       2%         N/A       16%         3
 Metabolic Englaciation   Hex/Ice        1%         N/A       80%         5
 Simulacrum               Ice/Necr       1%         N/A       100%        6


Dungeon Overview and Level Annotations

Branches:
Dungeon (4/15)
 Temple: D:4-7

Altars:
Kikubaaqudgha

Annotations:
D:4 1 runed translucent door, Scrael's ghost, amateur TeSu


Innate Abilities, Weirdness & Mutations

You can breathe blasts of fire.
Your fiery red scales are hard. (AC +6)
You cannot fit into any form of body armour.
Your flesh is heat resistant. (rF+)
You are cold-blooded and may be slowed by cold attacks.


Message History

You completely miss the ufetubus.
The ufetubus is lightly wounded.
The ufetubus hits you but does no damage.
The ufetubus misses you. The adder bites you but does no damage.
The lemure hits you but does no damage. The gnoll barely misses you.
The ufetubus barely misses you. The ufetubus hits you.
You barely miss the ufetubus.
The ufetubus is lightly wounded.
The adder barely misses you. The ufetubus misses you.
The ufetubus completely misses you. The lemure closely misses you.
The gnoll hits you but does no damage. The adder bites you but does no damage.
The ufetubus hits you but does no damage. x2
The lemure hits you.
You hit the ufetubus. You tail-slap the ufetubus.
The ufetubus is severely wounded.
The adder barely misses you. The ufetubus barely misses you.
The ufetubus hits you but does no damage.
The gnoll hits you but does no damage. The lemure misses you.
The adder misses you.
The ufetubus hits you but does no damage.
The ufetubus hits you.
You hit the ufetubus.
You kill the ufetubus!
The gnoll closely misses you. The adder bites you but does no damage.
The lemure barely misses you.
The gnoll hits you from afar with a +0 halberd.
Casting: Foxfire (safe; 1% risk of failure)
Press: ? - help, Q - select action, (/) - cycle Dir - look around, f - activate You conjure some foxfire!
The adder bites you but does no damage. The lemure hits you.
The adder barely misses you.
The gnoll hits you from afar with a +0 halberd!
* * * LOW HITPOINT WARNING * * *
The foxfire hits the adder.
The adder is moderately wounded.
The foxfire hits the lemure but does no damage.
The lemure is lightly wounded.
The lemure hits you but does no damage. The adder bites you but does no damage.
The gnoll hits you from afar with a +0 halberd!
You die...

######### ........# ...<....#
........# ######### ........#
#.....@.# ........# #....S.5#
### ####...## #.....g.# ...
#####...###.......# ....
.......†.##.......# .....
..†)).............# #.....
.....)†..#........#####......
.....#...##..................
.....#...###.#...##..)$#


You could see a lemure, a gnoll and an adder.

Vanquished Creatures
  Grinder (D:3)
  A black bear (D:4)
  A lemure (D:4)
  A scorpion (D:3)
  A gnoll bouda (D:4)
  Ijyb (D:3)
  7 gnolls (D:4)
  2 adders
  An ufetubus (D:4)
  A worm (D:2)
  2 dart slugs
  2 orcs (D:3)
  7 endoplasms
  4 giant cockroaches (D:1)
  9 goblins
  15 hobgoblins
  7 jackals
  5 kobolds
  3 quokkas
  2 ball pythons (D:1)
  6 bats
  9 frilled lizards
  5 rats
93 creatures vanquished.

Vanquished Creatures (collateral kills)
  A rat (D:3)
  2 foxfires (D:3)
3 creatures vanquished.

Vanquished Creatures (others)
  110 foxfires
110 creatures vanquished.

Grand Total: 206 creatures vanquished

Notes
Turn   | Place    | Note
-------+----------+-------------------------------------------
     0 | D:1      | leobarbo the Draconian Fire Elementalist began the quest
                  | for the Orb.
     0 | D:1      | Reached XP level 1. HP: 14/14 MP: 3/3
   426 | D:1      | Reached XP level 2. HP: 21/22 MP: 1/5
   524 | D:1      | Learned a level 2 spell: Scorch
   592 | D:1      | Reached skill level 1 in Fighting
   815 | D:1      | Reached XP level 3. HP: 25/28 MP: 1/6
   877 | D:1      | Learned a level 3 spell: Volatile Blastmotes
  1936 | D:2      | Reached XP level 4. HP: 35/35 MP: 4/7
  2849 | D:3      | Noticed Ijyb
  2852 | D:3      | Paralysed by Ijyb for 5 turns
  2860 | D:3      | Paralysed by Ijyb for 5 turns
  2867 | D:3      | Paralysed by Ijyb for 5 turns
  2872 | D:3      | Killed Ijyb
  2873 | D:3      | Reached skill level 1 in Maces & Flails
  2954 | D:3      | Noticed a scorpion
  2970 | D:3      | Killed a scorpion
  2971 | D:3      | Reached XP level 5. HP: 26/41 MP: 2/9
  3153 | D:3      | Identified the ring of the Painted Guava {Wiz Int+3}
  3169 | D:3      | Learned a level 3 spell: Gell's Gravitas
  3343 | D:3      | Noticed Grinder
  3352 | D:3      | Paralysed by Grinder for 4 turns
  3374 | D:3      | Killed Grinder
  3375 | D:3      | Reached skill level 1 in Translocations
  3375 | D:3      | Reached skill level 4 in Fire Magic
  3375 | D:3      | Reached XP level 6. HP: 27/50 MP: 0/10
  3596 | D:3      | Found an ancient bone altar of Kikubaaqudgha.
  4016 | D:4      | Your scales start taking on a fiery red colour.
  4016 | D:4      | Reached skill level 5 in Fire Magic
  4016 | D:4      | Reached XP level 7. HP: 24/56 MP: 0/11
  4016 | D:4      | Gained mutation: Your flesh is heat resistant. (rF+) [Red
                  | Draconian growth]
  4111 | D:4      | Found a runed translucent door.
  4124 | D:4      | Learned a level 2 spell: Blink
  4148 | D:4      | Noticed Scrael's ghost (amateur TeSu)
  4357 | D:4      | Slain by a gnoll

Illustrated notes

Levels and vault maps discovered:
D:1:      orjb1_lava_funnel, layout_basic
D:2:      layout_loops_corners
D:3:      wad_river_or_something, layout_loops_ring,
          mainiacjoe_overflow_chevrons, item_on_display_a, uniq_grinder,
          uniq_ijyb
D:4:      layout_rooms, minmay_temple_entry_overgrown, ebering_ghost_sewer_d,
          uniq_pikel

Skill      XL: |  1  2  3  4  5  6  7 |
---------------+----------------------+-----
Dodging        | 2 3 |  3.2
Fighting       | 1 2 3 |  3.1
Maces & Flails | 1 2 |  2.4
Conjurations   | 2 |  2.9
Translocations | 1 |  1.7
Fire Magic     | 4 5 |  5.8
Stealth        | |  1.7
Spellcasting   | |  2.7

Action                     |  1- 3 |  4- 6 |  7- 9 || total
---------------------------+-------+-------+-------++-------
  Melee: Unarmed           |    77 |       |       ||    77
         Tailslap          |    16 |     5 |     2 ||    23
         Punch             |     2 |       |       ||     2
         Club              |    31 |       |       ||    31
         Mace              |     3 |    33 |       ||    36
         Flail             |       |     9 |    17 ||    26
   Cast: Foxfire           |    26 |    42 |    10 ||    78
         Scorch            |    22 |    20 |       ||    42
         Volatile Blastmot |       |       |     3 ||     3
         Blink             |       |       |     1 ||     1
Ability: Breathe Fire      |       |       |     2 ||     2
    Use: Scroll            |     3 |     8 |     1 ||    12
         Potion            |       |       |     2 ||     2
   Stab: Sleeping          |     1 |     1 |       ||     2
 Armour: Skin              |    71 |    57 |    96 ||   224
  Dodge: Dodged            |   102 |    39 |   105 ||   246
         Form:             |       |     1 |       ||     1
         Maw               |       |     1 |       ||     1

Table legend: (Time is in decaauts)
 A = Elapsed time spent in this place.
 B = Non-inter-level travel time spent in this place.
 C = Inter-level travel time spent in this place.
 D = Time resting spent in this place.
 E = Time spent auto-exploring this place.
 F = Levels seen in this place.
 G = Mean time per level.
                   A        B        C        D        E       F      G
               +--------+--------+--------+--------+--------+-----+--------+
         Total |   4387 |   3889 |    498 |    942 |   2145 |   4 | 1096.8 |
       Dungeon |   4387 |   3889 |    498 |    942 |   2145 |   4 | 1096.8 |
               +--------+--------+--------+--------+--------+-----+--------+

Top non-repeatable levels by time:
     D:3: 1621 daAuts
     D:1: 1482 daAuts
     D:2: 1005 daAuts
     D:4: 278 daAuts
